 Dungeon Crawl Stone Soup version 0.29-a0-234-g0dae59b3db (webtiles) character file.

Game seed: 10454432152156731705

170 IndexError the Chiller (level 5, -30/37 HPs)
             Began as a Gnoll Ice Elementalist on Mar 2, 2022.
             Killed by an exploding phantom (38 damage)
             ... ignited by their inner flame
             ... on level 3 of the Dungeon.
             The game lasted 00:03:46 (3139 turns).

IndexError the Chiller (Gnoll Ice Elementalist)     Turns: 3139, Time: 00:03:46

Health: -30/37     AC:  3    Str:  8    XL:     5   Next: 51%
Magic:  0/12       EV: 12    Int: 16    God:
Gold:   111        SH:  0    Dex: 12    Spells: 7/14 levels left

rFire   . . .      SeeInvis .   c - +0 dagger
rCold   . . .      Faith    .   (no shield)
rNeg    . . .      Spirit   .   d - +0 leather armour
rPois   .          Reflect  .   (no helmet)
rElec   .          Harm     .   (no cloak)
rCorr   .          Rampage  .   (no gloves)
Will    .....                   (no boots)
Stlth   ++........              (no amulet)
HPRegen 0.12/turn               (no ring)
MPRegen 0.13/turn               (no ring)

@: no status effects
A: fangs 1, strong nose, distributed training
a: no special abilities


You were on level 3 of the Dungeon.
You visited 1 branch of the dungeon, and saw 4 of its levels.

You collected 111 gold pieces.

Inventory:

Hand Weapons
 c - a +0 dagger (weapon)
   (You took it off a goblin on level 1 of the Dungeon)
Armour
 d - a +0 leather armour (worn)
   (You found it on level 1 of the Dungeon)
 k - a +0 ring mail
   (You found it on level 2 of the Dungeon)
 m - a +0 chain mail
   (You found it on level 2 of the Dungeon)
 n - a +0 robe
   (You found it on level 3 of the Dungeon)
 o - a +0 ring mail
   (You took it off an orc on level 3 of the Dungeon)
 p - a +0 leather armour
   (You took it off an orc priest on level 3 of the Dungeon)
Jewellery
 q - an amulet of reflection
   (You took it off an orc on level 3 of the Dungeon)
Scrolls
 b - a scroll of summoning {unknown}
 f - 5 scrolls of identify {unknown}
 h - a scroll of teleportation {unknown}
 i - a scroll of enchant weapon {unknown}
 r - a scroll of torment {unknown}
 s - a scroll of enchant armour {unknown}


   Skills:
 + Level 1.5 Fighting
 + Level 1.5 Short Blades
 + Level 1.5 Long Blades
 + Level 1.5 Axes
 + Level 1.5 Maces & Flails
 + Level 1.5 Polearms
 + Level 1.5 Staves
 + Level 1.5 Slings
 + Level 1.5 Bows
 + Level 1.5 Crossbows
 + Level 1.5 Throwing
 + Level 1.5 Armour
 + Level 4.8 Dodging
 + Level 4.4 Stealth
 + Level 1.5 Shields
 + Level 1.5 Unarmed Combat
 + Level 5.2 Spellcasting
 + Level 1.2 Conjurations
 + Level 1.2 Hexes
 + Level 1.2 Summonings
 + Level 1.2 Necromancy
 + Level 1.2 Translocations
 + Level 1.2 Transmutations
 + Level 1.2 Fire Magic
 + Level 7.2 Ice Magic
 + Level 1.2 Air Magic
 + Level 1.2 Earth Magic
 + Level 1.2 Poison Magic
 + Level 1.7 Invocations
 + Level 1.5 Evocations


You had 7 spell levels left.
You knew the following spells:

 Your Spells              Type           Power      Damage    Failure   Level
a - Freeze                Ice            100%       1d11      1%          1
b - Frozen Ramparts       Ice            54%        1d7       3%          3
A - Ozocubu's Armour      Ice            27%        N/A       3%          3

Your spell library contained the following spells:

 Spells                   Type           Power      Damage    Failure   Level
 Hailstorm                Conj/Ice       17%        3d6       36%         4


Dungeon Overview and Level Annotations

Branches:
Dungeon (4/15)
 Temple: D:4-7

Altars:

Shops:
D:3 :

Annotations:
D:3 1 runed translucent door, aedon's ghost, amateur SpHu


Innate Abilities, Weirdness & Mutations

You have very sharp teeth.
Your uncanny sense of smell can sniff out nearby items.
Your experience applies equally to all skills.


Message History

The phantom hits you but does no damage.
Spoiler Alert: The phantom can hit for moderate damage in melee and blinks!
You hit the phantom but do no damage.
The phantom hits you but does no damage.
You hit the phantom. The phantom barely misses you.
Casting: Ozocubu's Armour (dangerous; 2% risk of failure)
Confirm with . or Enter, or press ? or * to list all spells.
Aiming: Freeze (safe; 1% risk of failure)
Press: ? - help, Shift-Dir - straight line, f/p - phantom
Aim: a phantom (severely damaged)
You freeze the phantom.
The phantom resists.
The phantom hits you.
Spoiler Alert: The phantom can hit for moderate damage in melee and blinks!
You take 1 damage, and have 35/55 hp.
You now have 1/12 mp.
Casting: Freeze (safe; 1% risk of failure)
Confirm with . or Enter, or press ? or * to list all spells.
Aiming: Freeze (safe; 1% risk of failure)
Press: ? - help, Shift-Dir - straight line, f/p - phantom
Aim: a phantom (almost destroyed)
You freeze the phantom.
The phantom resists.
Your transformation is almost over.
The phantom hits you but does no damage.
Spoiler Alert: The phantom can hit for moderate damage in melee and blinks!
You now have 0/12 mp.
Casting: Freeze (safe; 1% risk of failure)
Confirm with . or Enter, or press ? or * to list all spells.
You don't have enough magic to cast this spell.
Unknown command.
You miss the phantom.
The phantom hits you but does no damage.
Spoiler Alert: The phantom can hit for moderate damage in melee and blinks!
You completely miss the phantom. You hit the phantom but do no damage.
The phantom hits you.
You take 4 damage, and have 32/55 hp.
You closely miss the phantom.
The phantom hits you but does no damage.
You barely miss the phantom.
The phantom hits you but does no damage.
Spoiler Alert: The phantom can hit for moderate damage in melee and blinks!
You hit the phantom.
The phantom hits you but does no damage.
You barely miss the phantom.
The phantom hits you but does no damage.
You closely miss the phantom.
You feel less wooden.
Your +0 leather armour unmelds from your body.
The phantom closely misses you.
Spoiler Alert: The phantom can hit for moderate damage in melee and blinks!
You now have 22/37 hp.
You barely miss the phantom.
The phantom hits you but does no damage.
Casting: Freeze (safe; 1% risk of failure)
Confirm with . or Enter, or press ? or * to list all spells.
Aiming: Freeze (safe; 1% risk of failure)
Press: ? - help, Shift-Dir - straight line, f/p - phantom
Aim: a phantom (almost destroyed)
You freeze the phantom.
The phantom resists.
The phantom closely misses you.
Spoiler Alert: The phantom can hit for moderate damage in melee and blinks!
You now have 0/12 mp.
You closely miss the phantom. The phantom hits you.
You take 5 damage, and have 17/37 hp.
You closely miss the phantom. You bite the phantom, but do no damage.
The phantom hits you.
* * * LOW HITPOINT WARNING * * *
Spoiler Alert: The phantom can hit for moderate damage in melee and blinks!
You take 6 damage, and have 11/37 hp.
You hit the phantom. The phantom hits you.
* * * LOW HITPOINT WARNING * * *
The phantom blinks!
You blink.
Your icy armour cracks and falls away as you move.
You take 2 damage, and have 9/37 hp.
Spoiler Alert: The phantom can hit for moderate damage in melee and blinks!
Casting: Freeze (safe; 1% risk of failure)
Confirm with . or Enter, or press ? or * to list all spells.
Aiming: Freeze (safe; 1% risk of failure)
Press: ? - help, Shift-Dir - straight line, f/p - phantom
Aim: a phantom (almost destroyed)
You freeze the phantom but do no damage.
The phantom completely resists.
The phantom hits you.
* * * LOW HITPOINT WARNING * * *
Spoiler Alert: The phantom can hit for moderate damage in melee and blinks!
You take 1 damage, and have 9/37 hp.
You now have 0/12 mp.
You aren't carrying any potions.
As you read the scroll labelled CUADGHAKHL WISKU, it crumbles to dust.
The creatures around you are filled with an inner flame!
It was a scroll of immolation.
The phantom hits you.
* * * LOW HITPOINT WARNING * * *
Spoiler Alert: The phantom (inner flame) can hit for moderate damage in melee and blinks!
You take 1 damage, and have 8/37 hp.
You barely miss the phantom. The phantom closely misses you.
Spoiler Alert: The phantom (inner flame) can hit for moderate damage in melee and blinks!
You hit the phantom but do no damage. The phantom completely misses you.
Spoiler Alert: The phantom (inner flame) can hit for moderate damage in melee and blinks!
You hit the phantom but do no damage.
Spoiler Alert: The phantom (inner flame) can hit for moderate damage in melee and blinks!
You hit the phantom.
Flame seeps out of the phantom.
You bite the phantom, but do no damage.
The phantom is engulfed in blazing flames.
The fiery explosion engulfs you!!!
Ouch! That really hurt!
You die...

#########
........################
#######.#.<..^.........#
#.#.############.# #.#.#
#######.########## #######...#
#.....#........... ..........#
###.....############
########.## #§○§..........#
..#### #.# #.#@....#####.#
#....# #.# #.#.....# #.#
####.###.#####.###.### #.#
.(..........>..##....## #.#
###.........<§........## #.# #
#...##.#####.##....#.###.######
# ######.# #.##..#.##.##.......
# #.# #.................## #
####.########.##.##.###.##.#


There were no monsters in sight!

Vanquished Creatures
  A phantom (D:3)
  A scorpion (D:3)
  A howler monkey (D:3)
  An orc priest (D:3)
  2 orcs (D:3)
  A ball python (D:3)
  4 endoplasms
  7 goblins
  5 hobgoblins
  2 jackals (D:1)
  2 quokkas
  4 bats
  5 frilled lizards (D:2)
  6 kobolds
  4 rats
46 creatures vanquished.

Notes
Turn   | Place    | Note
-------+----------+-------------------------------------------
     0 | D:1      | IndexError the Gnoll Ice Elementalist began the quest for
                  | the Orb.
     0 | D:1      | Reached XP level 1. HP: 13/13 MP: 6/6
   215 | D:1      | Reached XP level 2. HP: 19/19 MP: 4/7
   493 | D:1      | Found a faded altar of an unknown god.
   495 | D:1      | Noticed a golden eye
   495 | D:1      | Noticed an eye of devastation
   496 | D:1      | Noticed a great orb of eyes
   496 | D:1      | Noticed a great orb of eyes
   956 | D:2      | Reached XP level 3. HP: 25/25 MP: 5/9
  1017 | D:2      | Learned a level 3 spell: Frozen Ramparts
  1021 | D:2      | Learned a level 3 spell: Ozocubu's Armour
  1026 | D:2      | Reached skill level 5 in Spellcasting
  1857 | D:3      | Reached skill level 1 in Fighting
  1857 | D:3      | Reached skill level 1 in Short Blades
  1857 | D:3      | Reached skill level 1 in Long Blades
  1857 | D:3      | Reached skill level 1 in Axes
  1857 | D:3      | Reached skill level 1 in Maces & Flails
  1857 | D:3      | Reached skill level 1 in Polearms
  1857 | D:3      | Reached skill level 1 in Staves
  1857 | D:3      | Reached skill level 1 in Slings
  1857 | D:3      | Reached skill level 1 in Bows
  1857 | D:3      | Reached skill level 1 in Crossbows
  1857 | D:3      | Reached skill level 1 in Throwing
  1857 | D:3      | Reached skill level 1 in Armour
  1857 | D:3      | Reached skill level 1 in Shields
  1857 | D:3      | Reached skill level 1 in Unarmed Combat
  1857 | D:3      | Reached skill level 1 in Invocations
  1857 | D:3      | Reached skill level 1 in Evocations
  1857 | D:3      | Reached XP level 4. HP: 31/32 MP: 7/11
  1997 | D:3      | HP: 5/32 [orc priest/+0 flail (5)]
  1999 | D:3      | Reached skill level 1 in Conjurations
  1999 | D:3      | Reached skill level 1 in Hexes
  1999 | D:3      | Reached skill level 1 in Summonings
  1999 | D:3      | Reached skill level 1 in Necromancy
  1999 | D:3      | Reached skill level 1 in Translocations
  1999 | D:3      | Reached skill level 1 in Transmutations
  1999 | D:3      | Reached skill level 1 in Fire Magic
  1999 | D:3      | Reached skill level 1 in Air Magic
  1999 | D:3      | Reached skill level 1 in Earth Magic
  1999 | D:3      | Reached skill level 1 in Poison Magic
  2286 | D:3      | Found a runed translucent door.
  2293 | D:3      | Noticed aedon's ghost (amateur SpHu)
  2607 | D:3      | Found Ofuutry's Book Shop.
  2749 | D:3      | Noticed a scorpion
  2758 | D:3      | Killed a scorpion
  2759 | D:3      | Reached XP level 5. HP: 35/37 MP: 4/12
  3033 | D:4      | Noticed a phantom
  3052 | D:4      | HP: 6/37 [phantom (6)]
  3055 | D:4      | HP: 2/37 [phantom (3)]
  3064 | D:4      | HP: 9/37 [phantom (4)]
  3073 | D:4      | HP: 5/37 [phantom (7)]
  3132 | D:3      | HP: 9/37 [phantom (2)]
  3139 | D:3      | Killed a phantom
  3139 | D:3      | Killed by an exploding phantom... ignited by their inner
                  | flame

Illustrated notes

Levels and vault maps discovered:
D:1:      doesnt_arrival_eight_statues, layout_basic,
          hellmonk_ecumenical_altar_watching_god, grunt_decor_fettered
D:2:      layout_basic
D:3:      layout_loops_ring, ebering_ghost_sewer_d, serial_shops,
          nicolae_shop_crystal, minmay_misc_feat_secret_circle
D:4:      nicolae_cairo_tiling_large, layout_basic, kennysheep_little_box,
          kennysheep_generic_room_15

Skill      XL: |  1  2  3  4 |
---------------+-------------+-----
Spellcasting   | 5 |  5.2
Fighting       | 1 |  1.5
Short Blades   | 1 |  1.5
Long Blades    | 1 |  1.5
Axes           | 1 |  1.5
Maces & Flails | 1 |  1.5
Polearms       | 1 |  1.5
Staves         | 1 |  1.5
Slings         | 1 |  1.5
Bows           | 1 |  1.5
Crossbows      | 1 |  1.5
Throwing       | 1 |  1.5
Armour         | 1 |  1.5
Shields        | 1 |  1.5
Unarmed Combat | 1 |  1.5
Invocations    | 1 |  1.7
Evocations     | 1 |  1.5
Conjurations   | 1 |  1.2
Hexes          | 1 |  1.2
Summonings     | 1 |  1.2
Necromancy     | 1 |  1.2
Translocations | 1 |  1.2
Transmutations | 1 |  1.2
Fire Magic     | 1 |  1.2
Air Magic      | 1 |  1.2
Earth Magic    | 1 |  1.2
Poison Magic   | 1 |  1.2
Dodging        | |  4.8
Stealth        | |  4.4
Ice Magic      | |  7.2

Action                   |  1- 3 |  4- 6 || total
-------------------------+-------+-------++-------
Melee: Unarmed           |     3 |       ||     3
       Bite              |     3 |     4 ||     7
       Dagger            |    17 |    67 ||    84
 Cast: Freeze            |    34 |    11 ||    45
       Frozen Ramparts   |       |     5 ||     5
       Ozocubu's Armour  |       |     5 ||     5
  Use: Potion            |       |     5 ||     5
       Scroll            |       |     1 ||     1
 Stab: Sleeping          |     9 |     2 ||    11
Armor: Leather armour    |     3 |     7 ||    10
       Skin              |       |    32 ||    32
Dodge: Dodged            |    21 |    33 ||    54

Table legend: (Time is in decaauts)
 A = Elapsed time spent in this place.
 B = Non-inter-level travel time spent in this place.
 C = Inter-level travel time spent in this place.
 D = Time resting spent in this place.
 E = Time spent auto-exploring this place.
 F = Levels seen in this place.
 G = Mean time per level.
                   A        B        C        D        E       F      G
               +--------+--------+--------+--------+--------+-----+--------+
         Total |   3138 |   2893 |    245 |      0 |   2460 |   4 |  784.5 |
       Dungeon |   3138 |   2893 |    245 |      0 |   2460 |   4 |  784.5 |
               +--------+--------+--------+--------+--------+-----+--------+

Top non-repeatable levels by time:
     D:3: 1284 daAuts
     D:2: 932 daAuts
     D:1: 867 daAuts
     D:4: 54 daAuts

Table legend:
 A = Kills in this place as a percentage of kills in entire the game.
 B = Kills by you in this place as a percentage of kills by you in the entire game.
 C = Kills by friends in this place as a percentage of kills by friends in the entire game.
 D = Other kills in this place as a percentage of other kills in the entire game.
 E = Experience gained in this place as a percentage of experience gained in the entire game.
 F = Experience gained in this place divided by the number of levels of this place that you have seen.
                   A       B       C       D       E      F
               +-------+-------+-------+-------+-------+----------------------
         Total | 100.0 | 100.0 |   N/A |   N/A | 100.0 |  89.0
       Dungeon | 100.0 | 100.0 |   N/A |   N/A | 100.0 |  89.0
               +-------+-------+-------+-------+-------+----------------------
